 Dungeon Crawl Stone Soup version 0.27.1-15-g792fb953b9 (webtiles) character file.

Game seed: 6839594151795996489

77 styxcanada the Sneak (level 4, -1/23 HPs)
             Began as a Spriggan Brigand on Nov 19, 2021.
             Slain by an orc wizard (2 damage)
             ... on level 3 of the Dungeon.
             The game lasted 00:09:15 (2185 turns).

styxcanada the Sneak (Spriggan Brigand)             Turns: 2185, Time: 00:09:16

Health: -1/23      AC:  3    Str:  7    XL:     4   Next: 13%
Magic:  6/6        EV: 17    Int: 12    God:
Gold:   129        SH:  0    Dex: 17    Spells: 5/5 levels left

rFire    . . .     SeeInvis +   a - +2 dagger (spect)
rCold    . . .     Faith    .   (shield restricted)
rNeg     . . .     Spirit   .   b - +0 robe
rPois    .         Reflect  .   (helmet restricted)
rElec    .         Harm     .   c - +0 cloak
rCorr    .         Rampage  .   (gloves unavailable)
Will     .....                  (boots unavailable)
Stlth    ++++......             (no amulet)
HPRegen  0.07/turn              (no ring)
MPRegen  0.10/turn              (no ring)

@: very quick
A: very small, no large weapons, unfitting armour, see invisible, speed 3
a: no special abilities


You were on level 3 of the Dungeon.
You visited 1 branch of the dungeon, and saw 3 of its levels.

You collected 129 gold pieces.

Inventory:

Hand Weapons
 a - a +2 spectral dagger (weapon)
 f - a +0 hunting sling
Missiles
 d - 24 poisoned darts (quivered)
 e - 2 curare-tipped darts
 m - 43 stones
Armour
 b - a +0 robe (worn)
 c - a +0 cloak (worn)
Scrolls
 j - a scroll of identify
Potions
 g - 2 potions of curing
 h - 2 potions of magic
 i - a potion of cancellation {unknown}
 k - a potion of brilliance {unknown}
 o - a potion of heal wounds {unknown}


   Skills:
 * Level 2.2 Fighting
 + Level 2.7 Short Blades
 + Level 2.0 Throwing
 * Level 2.1 Dodging
 * Level 7.0 Stealth
 * Level 1.1 Spellcasting


You had 5 spell levels left.
You didn't know any spells.
Your spell library contained the following spells:

 Spells                   Type           Power      Damage    Failure   Level
 Ignite Poison            Fire/Tmut/Pois 0%         N/A       65%         3
 Mephitic Cloud           Conj/Pois/Air  0%         N/A       65%         3
 Summon Guardian Golem    Hex/Summ       0%         N/A       65%         3
 Bolt of Magma            Conj/Fire/Erth 0%         4d4       100%        5
 Orb of Destruction       Conj           0%         N/A       100%        7
 Spellforged Servitor     Conj/Summ      0%         N/A       100%        7


Dungeon Overview and Level Annotations

Branches:
Dungeon (3/15)

Altars:
Sif Muna
Zin


Innate Abilities, Weirdness & Mutations

You are very small and have problems with some larger weapons.
You are too small for most types of armour.
You have supernaturally acute eyesight. (SInv)
You cover ground extremely quickly. (Speed+++)


Message History

The orc wizard shouts!
You hear a shout!
You see here 11 gold pieces.
You now have 129 gold pieces (gained 11).
Throw: 25 darts (poison)
Press: ? - help, Q - select action, (/) - cycle Shift-Dir - straight line, f - orc wizard
Aim: an orc wizard, wielding a +0 dagger and wearing a +0 robe (55% to hit)
You throw a poisoned dart. The poisoned dart hits the orc wizard.
The orc wizard is poisoned.
The orc wizard casts a spell at you. The magic dart hits you.
* * * LOW HITPOINT WARNING * * *
You hit the orc wizard but do no damage.
Your +2 spectral dagger closely misses the orc wizard.
The orc wizard gestures at you while chanting.
The magic dart hits you.
* * * LOW HITPOINT WARNING * * *
You hit the orc wizard.
The orc wizard is lightly wounded.
Your +2 spectral dagger hits the orc wizard.
The orc wizard closely misses you.
The orc wizard casts a spell.
The orc wizard flickers and vanishes for a moment.
You closely miss the orc wizard.
The orc wizard is heavily wounded.
Your +2 spectral dagger closely misses the orc wizard.
The orc wizard hits you with a +0 dagger.
* * * LOW HITPOINT WARNING * * *
You hit the orc wizard.
The orc wizard is heavily wounded.
Your +2 spectral dagger barely misses the orc wizard.
The orc wizard hits your +2 spectral dagger but does no damage.
You hit the orc wizard but do no damage.
The orc wizard is heavily wounded.
Your +2 spectral dagger hits the orc wizard.
You hit the orc wizard but do no damage.
The orc wizard is severely wounded.
Your +2 spectral dagger misses the orc wizard.
The orc wizard looks more healthy.
The orc wizard hits you with a +0 dagger.
You die...

## .####...######## ..
......§.......### #
..###...##..)........
#.#.#)#.#.###.)####.###
###...#.#...###.†# #.
..###...###.....# #..#.#$#.#.#
#.#...# # #..o.##.#†#(##.....#
# #o###..#.#.#o@###)## #
#)#?ow#.#.#.#(..#.# #+######
#.###.w#.#.#.o###.# #.#.....
#.ooS##.#.#.##.^..# #.#.####
##.K#.# #.#.#(#.#..## #.#.#
#....o###...###.....####.#.####
#..###..)#.#...###.......#.....
#.K###.#.#?#.#.###..####.#####.
#...##.(.###...##...# #.# #.


You could see an orc priest, an orc wizard and a friendly +2 spectral dagger
(summoned).

Vanquished Creatures
  An adder (D:2)
  3 worms
  2 dart slugs
  3 orcs (D:3)
  3 ball pythons
  5 bats
  4 endoplasms
  3 giant cockroaches (D:2)
  5 goblins
  4 hobgoblins
  2 jackals (D:3)
  3 frilled lizards
  6 kobolds
  3 rats
47 creatures vanquished.

Notes
Turn   | Place    | Note
-------+----------+-------------------------------------------
     0 | D:1      | styxcanada the Spriggan Brigand began the quest for the
                  | Orb.
     0 | D:1      | Reached XP level 1. HP: 10/10 MP: 2/2
    31 | D:1      | Reached skill level 6 in Stealth
    67 | D:1      | Reached XP level 2. HP: 14/15 MP: 3/3
  1205 | D:2      | Reached XP level 3. HP: 15/18 MP: 5/5
  1228 | D:2      | Found a shimmering blue altar of Sif Muna.
  1577 | D:2      | Found a faded altar of an unknown god.
  1771 | D:3      | Reached skill level 1 in Spellcasting
  1871 | D:3      | Found a glowing silver altar of Zin.
  2131 | D:3      | Reached XP level 4. HP: 14/23 MP: 6/6
  2153 | D:3      | Reached skill level 7 in Stealth
  2182 | D:3      | HP: 1/23 [orc wizard (1)]
  2185 | D:3      | Slain by an orc wizard

Illustrated notes

Levels and vault maps discovered:
D:1:      dpeg_arrival_erosion, layout_loops_corners, minmay_ruptured
D:2:      layout_rooms, dreamdust_ecumenical_altar_hidden_monk_grotto,
          basic_altar
D:3:      layout_basic, grunt_temple_overflow_opulence,
          nicolae_overflow_crystal_walls, chequers_arboretum,
          minmay_starry_boxes

Skill      XL: |  1  2  3  4 |
---------------+-------------+-----
Stealth        | 6 7 |  7.0
Dodging        | 2 |  2.1
Fighting       | 2 |  2.2
Spellcasting   | 1 |  1.1
Short Blades   | |  2.7
Throwing       | |  2.0

Action                   |  1- 3 |  4- 6 || total
-------------------------+-------+-------++-------
Melee: Dagger            |   108 |    17 ||   125
Throw: Dart              |    16 |     4 ||    20
  Use: Scroll            |     7 |       ||     7
 Stab: Sleeping          |    15 |       ||    15
Armor: Robe              |    11 |     1 ||    12
Dodge: Dodged            |    69 |     6 ||    75
